AoeStats
← maimadana

Arabia

510609915Analyzed
1v1 RM · 23h ago on Oct 1, 2026· 38m 52s· 2 players
Game mode
Random Map
Map size
Tiny (2 player)
Population
200
Speed
Normal
Resources
Standard
Victory
Conquest
Starting age
Dark Age
Ending age
Imperial Age
RankedLock teamsTeams togetherTeam positionsShared explorationLock speedFull tech treeHidden civsTurbo modeCheats
Victory
Defeat
🇨🇱 Aztecs · Chile
807
+17
🇨🇿 Lithuanians · Czechia
838
-17
juanbravo_g
2:45 Loom
12:01 Feudal Age
26:14 Castle Age
24:20 Padded Archer Armor
24:11 Fletching
24:51 Scale Mail Armor
26:27 Forging
26:52 Crossbowman
27:32 Pikeman
29:23 Leather Archer Armor
29:04 Bodkin Arrow
34:01 Eagle Warrior
34:51 Double-Bit Axe
35:03 Horse Collar
37:01 Town Watch
37:42 Ballistics
37:24 Arson
37:41 Squires
38:30 Wheelbarrow
maimadana
4:07 Loom
9:42 Feudal Age
10:41 Double-Bit Axe
14:21 Forging
16:00 Horse Collar
22:29 Castle Age
21:32 Scale Barding Armor
22:15 Bloodlines
23:16 Husbandry
24:57 Bow Saw
25:03 Gold Mining
28:05 Iron Casting
28:05 Elite Skirmisher
30:37 Fletching
32:22 Bodkin Arrow
37:14 Imperial Age
35:50 Ballistics
37:09 Thumb Ring
Connection lost

Rejoining the realm…

Still unreachable

The connection could not be restored.

Session expired

The server has moved on; the page needs a fresh start.